 Dungeon Crawl Stone Soup version 0.30-a0-1075-gcd70e7a56d (webtiles) character file.

Game seed: 15383889274831889371

85 kae the Chopper (level 4, -6/39 HPs)
             Began as a Hill Orc Fighter on Apr 14, 2023.
             Mangled by a gnoll
             ... wielding a +0 halberd
              (9 damage)
             ... on level 2 of the Dungeon.
             The game lasted 00:00:26 (772 turns).

kae the Chopper (Hill Orc Fighter)                   Turns: 772, Time: 00:00:26

Health: -6/39      AC:  6    Str: 20    XL:     4   Next: 48%
Magic:  4/4        EV:  9    Int:  8    God:
Gold:   87         SH:  4    Dex: 10    Spells: 3/3 levels left

rFire   . . .      SeeInvis .    a - +1 war axe
rCold   . . .      Faith    .    c - +0 buckler
rNeg    . . .      Spirit   .    b - +0 scale mail
rPois   .          Reflect  .    (no helmet)
rElec   .          Rampage  .    (no cloak)
rCorr   .                        (no gloves)
Will    .....                    (no boots) Stlth
                                 (no amulet)
HPRegen 0.26/turn                (no ring)
MPRegen 0.09/turn                (no ring)

@: no status effects
A: no striking features
a: no special abilities


You were on level 2 of the Dungeon.
You visited 1 branch of the dungeon, and saw 2 of its levels.

You collected 87 gold pieces.


   Skills:
 - Level 3.6 Fighting
 + Level 6.1 Axes
 - Level 3.2 Armour
 - Level 3.2 Shields


You had 3 spell levels left.
You didn't know any spells.
Your spell library was empty.

Inventory:

Hand Weapons
 a - a +1 war axe (weapon)
Missiles
 f - 19 stones (quivered)
 h - 5 poisoned darts
Armour
 b - a +0 scale mail (worn)
 c - a +0 buckler (worn)
Scrolls
 k - a scroll of enchant weapon
 o - a scroll of identify {@r1}
 p - a scroll of silence {unknown}
Potions
 d - a potion of might
 e - 2 potions of resistance
 g - 3 potions of heal wounds {unknown}
 i - 2 potions of curing {unknown}
 j - a potion of brilliance {unknown}
 l - a potion of mutation {unknown}
 m - a potion of attraction {unknown}
 n - a potion of flight {unknown}

Dungeon Overview and Level Annotations

Branches:
Dungeon (2/15) Zot: 11204

Altars:

##.#..# ####.# #.#.## ###.###
#...## #.#...## #. ###..#
#......#######... ###..#
#).##.....#....# #....#
##....###.#.#### ########.##.#
###...##.#.#####
......##.##.#########............
#####..........)@g.......########
####.##.#####................
#.##..#...................
#.###....†######.###..####
#.#####..## #.####.# #.##....##
#...##.# ##....#### ###....#
##..#### ###### #...#


You could see a gnoll.


Message History

A ball python comes into view.
There is an escape hatch in the floor here. 😎 HP[+1]
Your hp is fully restored (39).
A ball python is nearby!
A ball python is nearby!
The ball python bites you but does no damage.
You block the ball python's attack.
You slash the ball python!
You kill the ball python!
You now have 72 gold pieces (gained 6).
Key pressed, stopping explore.
No target in view!
No target in view!
Found a stone staircase leading down.
No target in view!
No target in view!
You see here a ball python corpse.
You now have 87 gold pieces (gained 15).
You see here a +0 sling.
n - an inky potion No target in view!
No target in view!
o - a scroll of identify {@r1} No target in view!
No target in view!
You see here an orb of guile.
No target in view!
No target in view!
A giant cockroach comes into view.
Found a stone staircase leading down.
A giant cockroach is nearby!
A giant cockroach is nearby!
You barely miss the giant cockroach.
The giant cockroach bites you but does no damage.
You hit the giant cockroach.
You kill the giant cockroach!
p - a scroll labelled PAEMEQ JUOTAE No target in view!
No target in view!
You see here a +0 sling.
You see here a ball python corpse.
Key pressed, stopping explore.
No target in view!
No target in view!
There is a stone staircase leading up here.
You see here a +0 club.
A gnoll comes into view. It is wielding a +0 whip.
The gnoll shouts!
A gnoll comes into view. It is wielding a +0 halberd.
The gnoll shouts!
There are monsters nearby!
A gnoll comes into view. It is wielding a +0 spear.
The gnoll shouts!
You closely miss the gnoll. You block the gnoll's attack.
There are monsters nearby!
You slash the gnoll! The gnoll hits you with a +0 whip. x2
The gnoll hits you from afar with a +0 halberd!
You are too injured to fight recklessly! 😮 HP[-15]
You take 15 damage, and now have 24/39 hp.
MASSIVE DAMAGE!! (PAUSE)
You slash the gnoll!
You kill the gnoll! 😮 HP[+1]
The gnoll hits you from afar with a +0 halberd!
* * * LOW HITPOINT WARNING * * *
Things that are here:
a +0 whip; 8 gold pieces; 😨 HP[-8]
You take 8 damage, and now have 17/39 hp.
MASSIVE DAMAGE!! (PAUSE)
You closely miss the gnoll. The gnoll hits you but does no damage.
The gnoll closely misses you.
You slash the gnoll! The gnoll barely misses you.
The gnoll hits you from afar with a +0 halberd.
* * * LOW HITPOINT WARNING * * *
😨 HP[-5]
You take 5 damage, and now have 12/39 hp.
Unknown command.
You slash the gnoll!
You kill the gnoll!
The gnoll hits you from afar with a +0 halberd!
* * * LOW HITPOINT WARNING * * *
The gnoll barely misses you.
Your Axes skill increases to level 6! 😱 HP[-8]
You take 8 damage, and now have 4/39 hp.
MASSIVE DAMAGE!! (PAUSE)
The gnoll hits you with a +0 halberd.
* * * LOW HITPOINT WARNING * * *
Things that are here:
a +0 spear; 11 gold pieces; a gnoll corpse 😱 HP[-2]
You take 2 damage, and now have 2/39 hp.
Unknown command.
Unknown command.
You closely miss the gnoll. The gnoll closely misses you.
Unknown command.
You hit the gnoll. The gnoll hits you with a +0 halberd!
You die...

Skill      XL: |  1  2  3  4 |
---------------+-------------+-----
Axes           | 3 4 5 6 |  6.1
Fighting       | |  3.6
Armour         | |  3.2
Shields        | |  3.2

Action                     |  1- 3 |  4- 6 || total
---------------------------+-------+-------++-------
  Melee: War axe           |    54 |    20 ||    74
    Use: Scroll            |     2 |       ||     2
 Armour: Scale mail        |    28 |     6 ||    34
  Dodge: Dodged            |    19 |     9 ||    28
  Block: Buckler           |     6 |     3 ||     9

Levels and vault maps discovered:
D:1:      lightli_arrival_chessboard, layout_basic, st_stairs_7
D:2:      layout_rooms, chequers_decorated_corner, uniq_natasha

Notes
Turn   | Place    | Note
-------+----------+-------------------------------------------
     0 | D:1      | kae the Hill Orc Fighter began the quest for the Orb.
     0 | D:1      | Reached XP level 1. HP: 19/19 MP: 1/1
     0 | D:1      | magus.rc [v1.11.3]
    74 | D:1      | Reached skill level 3 in Axes
   125 | D:1      | Reached XP level 2. HP: 26/26 MP: 2/2
   165 | D:1      | Reached skill level 4 in Axes
   408 | D:2      | Reached XP level 3. HP: 25/31 MP: 3/3
   409 | D:2      | Reached skill level 5 in Axes
   435 | D:2      | Reached XP level 4. HP: 39/39 MP: 4/4
   769 | D:2      | HP: 4/39 [gnoll/+0 halberd (8)]
   770 | D:2      | Reached skill level 6 in Axes
   772 | D:2      | Mangled by a gnoll

Vanquished Creatures
  6 gnolls (D:2)
  4 endoplasms
  3 giant cockroaches
  4 goblins
  A hobgoblin (D:1)
  A quokka (D:1)
  A ball python (D:2)
  A bat (D:1)
  2 frilled lizards
  7 kobolds
30 creatures vanquished.

Table legend:
 A = Non-vault XP
 B = Vault XP
 C = Vault XP percentage of total XP
 D = Non-vault monster count
 E = Vault monster count
 F = Vault count percentage of total count
                 A         B        C        D         E       F
            +---------+---------+-------+---------+---------+-------
      Total |     121 |       1 |   0.8 |      29 |       1 |   3.3
            +---------+---------+-------+---------+---------+-------
        D:1 |      23 |       1 |   4.2 |      14 |       1 |   6.7
        D:2 |      98 |       0 |   0.0 |      15 |       0 |   0.0
            +---------+---------+-------+---------+---------+-------

Illustrated notes

Table legend:
 A = Kills in this place as a percentage of kills in the entire game.
 B = Kills by you in this place as a percentage of kills by you in the entire game.
 C = Kills by friends in this place as a percentage of kills by friends in the entire game.
 D = Other kills in this place as a percentage of other kills in the entire game.
 E = Experience gained in this place as a percentage of experience gained in the entire game.
 F = Experience gained in this place divided by the number of levels of this place that you have seen.
                   A       B       C       D       E      F
               +-------+-------+-------+-------+-------+----------------------
         Total | 100.0 | 100.0 |   N/A |   N/A | 100.0 |  61.0
       Dungeon | 100.0 | 100.0 |   N/A |   N/A | 100.0 |  61.0
               +-------+-------+-------+-------+-------+----------------------

Table legend: (Time is in decaauts)
 A = Elapsed time spent in this place.
 B = Non-inter-level travel time spent in this place.
 C = Inter-level travel time spent in this place.
 D = Time resting spent in this place.
 E = Time spent auto-exploring this place.
 F = Levels seen in this place.
 G = Mean time per level.
                   A        B        C        D        E       F      G
               +--------+--------+--------+--------+--------+-----+--------+
         Total |    794 |    776 |     18 |      0 |    590 |   2 |  397.0 |
       Dungeon |    794 |    776 |     18 |      0 |    590 |   2 |  397.0 |
               +--------+--------+--------+--------+--------+-----+--------+

Top non-repeatable levels by time:
     D:2: 423 daAuts
     D:1: 371 daAuts
